[Event "Titled Tuesday Blitz May 4 2021"]
[White "Kavinda, Akila"]
[Black "Molchanov, Alexander"]
[WhiteFideId "9901302"]
[BlackFideId "24177687"]
[WhiteElo "2043"]
[BlackElo "2541"]
[Result "0-1"]
[Round "06"]
[TimeControl "180+1"]
[Date "2021.05.04"]
[WhiteClock "0:00:03"]
[BlackClock "0:00:36"]

1. e4 c5 2. Nf3 Nc6 3. c3 Nf6 4. e5 Nd5 5. Bc4 Nb6 6. Bb3 c4 7. Bc2 d6 8. exd6 e5 9. d4 cxd3 10. Qxd3 Qxd6 11. Qxd6 Bxd6 12. Nbd2 f6 13. Ne4 Be7 14. Be3 Nd5 15. O-O-O Nxe3 16. fxe3 Be6 17. Nd6+ Bxd6 18. Rxd6 Ke7 19. Rd2 Rad8 20. Rhd1 g6 21. b3 Bg4 22. Be4 Rxd2 23. Rxd2 Bxf3 24. Bxf3 f5 25. Bxc6 bxc6 26. Kc2 g5 27. Rf2 Ke6 28. Kd3 Rd8+ 29. Kc4 Rd5 30. Re2 e4 31. b4 Ke5 32. a4 a6 33. g3 h6 34. Rf2 Rd3 35. Re2 Kd6 36. a5 Rd5 37. Rc2 Ke5 38. Re2 h5 39. h4 Kf6 40. Rf2 Kg6 41. Re2 Kf6 42. Re1 Ke5 43. Re2 f4 44. gxf4+ gxf4 45. exf4+ Kxf4 46. Rf2+ Kg3 47. Rf6 e3 48. Rxc6 Re5 49. Rg6+ Kxh4 50. Rg1 e2 51. Re1 Kg3 52. Kd4 Re8 0-1


[Site "https://www.chess.com"]

[Event "Titled Tuesday Blitz May 4 2021"]
[White "Kazakouski, Valery"]
[Black "Zhigalko, Sergei"]
[WhiteFideId "13507443"]
[BlackFideId "13502956"]
[WhiteElo "2546"]
[BlackElo "2662"]
[Result "0-1"]
[Round "06"]
[TimeControl "180+1"]
[Date "2021.05.04"]
[WhiteClock "0:00:01"]
[BlackClock "0:00:03"]

1. Nf3 d5 2. c4 d4 3. b4 Bg4 4. Qb3 Nf6 5. g3 Nc6 6. Bg2 a6 7. d3 e5 8. a3 Be7 9. h3 Bd7 10. O-O O-O 11. e3 Be6 12. exd4 Nxd4 13. Nxd4 Qxd4 14. Bb2 Qd7 15. Bxe5 Bxh3 16. Nd2 Rad8 17. d4 Bxg2 18. Kxg2 Ng4 19. Nf3 Nxe5 20. dxe5 Qc6 21. Rfd1 h6 22. Rac1 Rfe8 23. Kg1 Bf8 24. Rd3 Qe4 25. Rcd1 Rxd3 26. Qxd3 Qc6 27. Qd5 Qa4 28. Rd3 c6 29. Qd7 Re7 30. Qf5 g6 31. Qe4 Qc2 32. Kg2 Re8 33. Qe3 Qxc4 34. Rd4 Qe6 35. Qd3 c5 36. bxc5 Bxc5 37. Rd7 Qc6 38. Rd5 Bf8 39. Qe4 b5 40. Nd4 Qb7 41. e6 fxe6 42. Qxg6+ Qg7 43. Qxe8 exd5 44. Ne6 Qf7 45. Qc8 a5 46. Kg1 b4 47. axb4 axb4 48. Nd4 Kg7 49. Qg4+ Kh7 50. Qe2 Bg7 51. Qd3+ Qg6 52. Qd2 Qe4 53. Ne2 b3 54. Nc1 b2 0-1


[Site "https://www.chess.com"]

[Event "Titled Tuesday Blitz May 4 2021"]
[White "Kett, Tim"]
[Black "Zia, Tahsin Tajwar"]
[WhiteFideId "1801210"]
[BlackFideId "10211888"]
[WhiteElo "2098"]
[BlackElo "1678"]
[Result "0-1"]
[Round "06"]
[TimeControl "180+1"]
[Date "2021.05.04"]
[WhiteClock "0:00:02"]
[BlackClock "0:01:02"]

1. e4 c6 2. d4 d5 3. e5 Bf5 4. Nc3 e6 5. g4 Bg6 6. Nge2 c5 7. h4 h5 8. Nf4 Bh7 9. g5 cxd4 10. Nb5 Be4 11. f3 Bf5 12. Nxd4 Ne7 13. g6 Bxg6 14. Bb5+ Nd7 15. Be3 a6 16. Bxd7+ Qxd7 17. Qd2 Rc8 18. O-O-O Bf5 19. Nfe2 g6 20. Ng3 Nc6 21. Ngxf5 gxf5 22. Bg5 Nxd4 23. Qxd4 Bc5 24. Qd2 Qa4 25. Kb1 Bb4 26. c3 Be7 27. Bxe7 Kxe7 28. Qg5+ Kd7 29. Rd4 Qb5 30. Rhd1 Rhg8 31. Qxh5 Ke7 32. Qh6 Rg6 33. Qd2 a5 34. h5 Rg3 35. Rh1 Rcg8 36. h6 Rg1+ 37. Rxg1 Rxg1+ 38. Kc2 Qf1 39. a3 b5 40. Kb3 a4+ 41. Kb4 Rh1 0-1


[Site "https://www.chess.com"]

[Event "Titled Tuesday Blitz May 4 2021"]
[White "Keymer, Vincent"]
[Black "Piorun, Kacper"]
[WhiteFideId "12940690"]
[BlackFideId "1130420"]
[WhiteElo "2474"]
[BlackElo "2535"]
[Result "1-0"]
[Round "06"]
[TimeControl "180+1"]
[Date "2021.05.04"]
[WhiteClock "0:00:07"]
[BlackClock "0:00:01"]

1. Nf3 Nf6 2. c4 g6 3. Nc3 Bg7 4. g3 O-O 5. Bg2 d6 6. d4 Bf5 7. Nh4 Bc8 8. O-O c5 9. d5 Na6 10. Nf3 Nc7 11. a4 e6 12. h3 exd5 13. cxd5 Rb8 14. Nd2 b6 15. e4 Ba6 16. Re1 Nd7 17. Nf3 Re8 18. Bf4 Ne5 19. Nxe5 dxe5 20. Be3 Rf8 21. Qc2 Ne8 22. Nb5 Bxb5 23. axb5 Qd7 24. b4 cxb4 25. Qc6 Qe7 26. Bd2 Nd6 27. Bxb4 Rfd8 28. Bxd6 Rxd6 29. Rxa7 Qxa7 30. Qxd6 Rc8 31. h4 Qa5 32. Rb1 Qd2 33. Qxb6 Bf8 34. Qe3 Qc2 35. Qb3 Qe2 36. Bf3 Qd2 37. Rd1 Qa5 38. Kg2 Rb8 39. Rb1 Bc5 40. Qc4 Bd4 41. Be2 h5 42. d6 Kg7 43. Rf1 Rd8 44. Qd5 Qb6 45. Bc4 Qxd6 46. Qxf7+ Kh6 47. f4 Rf8 48. Qd5 Qxd5 49. Bxd5 exf4 50. gxf4 Rc8 51. Bc6 Rd8 52. Kf3 Bb6 53. e5 Rd3+ 54. Ke4 Rd4+ 55. Kf3 Rd3+ 56. Kg2 Kg7 57. Rf3 Rd2+ 58. Kg3 Kf7 59. Be4 Re2 60. Bd5+ Ke7 61. Rc3 Rd2 62. Be4 Rd4 63. Bxg6 Rb4 64. Bd3 Be3 65. Bc4 Bd2 66. Rc2 Be1+ 67. Kf3 Bxh4 68. f5 Rb1 69. f6+ Kd7 70. Ke4 Re1+ 71. Kf5 Re3 72. Rd2+ Kc7 73. Rh2 Rf3+ 74. Ke4 Rc3 75. Kd5 Bg3 76. Rxh5 Re3 77. f7 Rf3 78. Rg5 Bxe5 79. Kxe5 1-0


[Site "https://www.chess.com"]

[Event "Titled Tuesday Blitz May 4 2021"]
[White "Klimkowski, Jan"]
[Black "Pein, Jonathan"]
[WhiteFideId "21856222"]
[BlackFideId "417092"]
[WhiteElo "1903"]
[BlackElo "2167"]
[Result "0-1"]
[Round "06"]
[TimeControl "180+1"]
[Date "2021.05.04"]
[WhiteClock "0:00:05"]
[BlackClock "0:00:06"]

1. e4 d6 2. Nf3 Nf6 3. Nc3 Nc6 4. d4 Bg4 5. Be2 e5 6. Be3 Bxf3 7. Bxf3 exd4 8. Bxd4 Nxd4 9. Qxd4 c6 10. O-O-O Qb6 11. Rhe1 O-O-O 12. g3 Be7 13. Bg2 Qxd4 14. Rxd4 Nd7 15. f4 Rhe8 16. Bh3 Kc7 17. Red1 Nc5 18. b4 Na6 19. Rc4 Kb8 20. b5 Nc5 21. bxc6 bxc6 22. Na4 Kc7 23. Bg2 a5 24. Nxc5 dxc5 25. e5 Rxd1+ 26. Kxd1 Rd8+ 27. Ke2 Rd4 28. Rxd4 cxd4 29. Kd3 Bb4 30. Kxd4 Be1 31. Bf1 Bf2+ 32. Ke4 Bg1 33. Kf3 Kb6 34. Bc4 f6 35. exf6 gxf6 36. h4 Kc5 37. Bf7 Kd4 38. Be8 c5 39. Kg2 Be3 40. Kf3 Bc1 41. Bf7 Kc3 42. Bb3 c4 43. Ba4 Kb2 44. Ke4 Kxa2 45. Kd5 Ka3 46. Be8 Kb4 47. Kd4 Bb2+ 48. Ke3 a4 49. c3+ Bxc3 50. Ke2 a3 0-1


[Site "https://www.chess.com"]

[Event "Titled Tuesday Blitz May 4 2021"]
[White "Kollars, Dmitrij"]
[Black "Aradhya, Garg"]
[WhiteFideId "12909572"]
[BlackFideId "25006746"]
[WhiteElo "2576"]
[BlackElo "2146"]
[Result "1-0"]
[Round "06"]
[TimeControl "180+1"]
[Date "2021.05.04"]
[WhiteClock "0:00:15"]
[BlackClock "0:00:04"]

1. Nf3 d5 2. d4 Nf6 3. c4 c6 4. Nc3 dxc4 5. e4 Bg4 6. Bxc4 Bxf3 7. gxf3 e6 8. Be3 Nbd7 9. Qb3 Nb6 10. Be2 Be7 11. a4 Qc7 12. a5 Nbd7 13. e5 Nd5 14. Nxd5 cxd5 15. O-O O-O 16. Rfc1 Qd8 17. Qxb7 Rb8 18. Qxa7 Rxb2 19. Bf1 Bg5 20. f4 Bh6 21. Qc7 Qh4 22. Rc2 Rxc2 23. Qxc2 Bxf4 24. Bxf4 Qxf4 25. Qc3 f6 26. exf6 Rxf6 27. Qe3 Rg6+ 28. Kh1 Qc7 29. a6 Rh6 30. Qg3 Qa7 31. Qd6 Rf6 32. Rd1 Nb6 33. Bh3 h6 34. Rb1 e5 35. Be6+ Kh7 36. Rxb6 exd4 37. Qd8 d3 38. Bg8+ Kg6 39. Rxf6+ gxf6 40. Qxd5 Qxf2 41. Qxd3+ Kh5 42. Qh3+ Kg6 43. Qg3+ Qxg3 44. hxg3 Kf5 45. a7 Kg4 46. a8=Q Kxg3 47. Qe4 1-0


[Site "https://www.chess.com"]

[Event "Titled Tuesday Blitz May 4 2021"]
[White "Kononenko, Dmitry"]
[Black "Kovacs, Klara"]
[WhiteFideId "14113538"]
[BlackFideId "733210"]
[WhiteElo "2289"]
[BlackElo "2120"]
[Result "1-0"]
[Round "06"]
[TimeControl "180+1"]
[Date "2021.05.04"]
[WhiteClock "0:00:12"]
[BlackClock "0:00:13"]

1. d4 Nf6 2. c4 e6 3. g3 d5 4. Nf3 Be7 5. Bg2 O-O 6. O-O dxc4 7. Qc2 a6 8. a4 Bd7 9. Qxc4 Bc6 10. Bf4 Nbd7 11. a5 Bd5 12. Qxc7 Qxc7 13. Bxc7 Rfc8 14. Bf4 Rc2 15. Nc3 Rxb2 16. Rfb1 Rxb1+ 17. Rxb1 Bc6 18. Ne5 Bxg2 19. Kxg2 Nxe5 20. Bxe5 Bf8 21. Rxb7 Rc8 22. Na4 Rc2 23. Nb6 Ne4 24. Rb8 f6 25. Nd7 Kf7 26. Rxf8+ Ke7 27. Rg8 Kxd7 28. Rxg7+ Ke8 29. Bf4 Rxe2 30. Kf3 Nc3 31. Rc7 Rc2 32. Rc6 Kd7 33. Rxa6 Nb5 34. Rb6 Nxd4+ 35. Kg2 e5 36. Be3 Nc6 37. a6 Ra2 38. Rb7+ Kd6 39. a7 f5 40. Rxh7 e4 41. h4 Ke6 42. h5 Ne5 43. Rh8 Ng4 44. a8=Q Nxe3+ 45. Kh3 1-0


[Site "https://www.chess.com"]

[Event "Titled Tuesday Blitz May 4 2021"]
[White "Kopjonkin, Kirill"]
[Black "Petrova, Irina"]
[WhiteFideId "24140090"]
[BlackFideId "14124122"]
[WhiteElo "2224"]
[BlackElo "2022"]
[Result "1-0"]
[Round "06"]
[TimeControl "180+1"]
[Date "2021.05.04"]
[WhiteClock "0:00:18"]
[BlackClock "0:00:01"]

1. e4 d6 2. d4 Nf6 3. Nc3 e5 4. Nge2 Nc6 5. f3 Be7 6. Be3 O-O 7. Qd2 d5 8. exd5 Nxd5 9. Nxd5 Qxd5 10. dxe5 Qxe5 11. O-O-O Be6 12. Nd4 Bf6 13. c3 Nxd4 14. Bxd4 Qg5 15. Qxg5 Bxg5+ 16. Kb1 b6 17. Bd3 a5 18. Be5 c5 19. f4 Be7 20. f5 Bd5 21. Bc2 Bc6 22. Rhf1 a4 23. f6 Bxf6 24. Bxf6 gxf6 25. Rxf6 Rfc8 26. Rd3 Kg7 27. Rf4 Re8 28. Rg3+ Kf8 29. Rf1 Re2 30. Bxh7 Rxg2 31. Rxg2 Bxg2 32. Rf2 Bd5 33. a3 Kg7 34. Bd3 Re8 35. Kc2 Bb3+ 36. Kd2 Rd8 37. Ke3 Re8+ 38. Kd2 Rd8 39. Ke3 Re8+ 40. Kf4 Rd8 41. Be4 Rd1 42. h4 Rg1 43. Ke5 Rd1 44. Rg2+ Kh6 45. Rf2 Re1 46. Kf4 Kh5 47. Bf3+ Kg6 48. Rd2 Kh6 49. Rd6+ Re6 50. Rd7 Rf6+ 51. Kg3 Rg6+ 52. Kf2 Rf6 53. Ke3 Re6+ 54. Kd2 Rf6 55. Be2 Kg6 56. h5+ Kh6 57. Rb7 Rd6+ 58. Ke3 Re6+ 59. Kf2 Rf6+ 60. Kg3 Re6 61. Bf3 1-0


[Site "https://www.chess.com"]

[Event "Titled Tuesday Blitz May 4 2021"]
[White "Korchmar, Vasiliy"]
[Black "Ivanov, Mike"]
[WhiteFideId "24131750"]
[BlackFideId "2613158"]
[WhiteElo "2370"]
[BlackElo "2197"]
[Result "1-0"]
[Round "06"]
[TimeControl "180+1"]
[Date "2021.05.04"]
[WhiteClock "0:01:10"]
[BlackClock "0:00:04"]

1. d4 Nf6 2. Nf3 e6 3. Bf4 b6 4. e3 Bb7 5. Nbd2 g6 6. Be2 Bg7 7. O-O O-O 8. h3 d6 9. Bh2 Nbd7 10. a4 a6 11. c3 Qe7 12. a5 b5 13. c4 bxc4 14. Nxc4 Ne4 15. Qa4 Ndf6 16. Rac1 Nd5 17. Nfd2 Nxd2 18. Nxd2 c5 19. dxc5 dxc5 20. Ne4 Bxb2 21. Rxc5 Rfd8 22. Rb1 Bg7 23. Bc7 Rd7 24. Rxb7 Nxc7 25. Qxd7 Qxd7 26. Rcxc7 Qd5 27. Rxf7 Bh8 28. Bf3 Rc8 29. Nf6+ Bxf6 30. Bxd5 Rc1+ 31. Kh2 Be5+ 32. f4 exd5 33. fxe5 1-0


[Site "https://www.chess.com"]

[Event "Titled Tuesday Blitz May 4 2021"]
[White "Korkmaz, Necmettin"]
[Black "Alice, Mateus Felizardo Viageiro"]
[WhiteFideId "6303285"]
[BlackFideId "14800047"]
[WhiteElo "2094"]
[BlackElo "2189"]
[Result "1/2-1/2"]
[Round "06"]
[TimeControl "180+1"]
[Date "2021.05.04"]
[WhiteClock "0:00:18"]
[BlackClock "0:00:04"]

1. e4 c5 2. Nc3 d6 3. f4 Nc6 4. Nf3 g6 5. Bc4 Bg7 6. O-O e6 7. d3 Nge7 8. Qe1 a6 9. f5 b5 10. Bb3 Na5 11. fxe6 fxe6 12. Ng5 Nxb3 13. axb3 Qb6 14. Qg3 Nc6 15. Nxh7 Ne5 16. Nf6+ Bxf6 17. Rxf6 Bd7 18. Bf4 O-O-O 19. Bxe5 dxe5 20. Qxe5 Rh5 21. Qg3 Rdh8 22. h3 g5 23. e5 c4+ 24. Qf2 Qb7 25. Ne4 Qc6 26. Qa7 g4 27. Nd6+ Kd8 28. Nf7+ Ke7 29. Nxh8 Rxh8 30. Qf2 gxh3 31. Rf7+ Ke8 32. Rf1 Qxg2+ 33. Qxg2 hxg2 34. R1f2 Bc6 35. Rxg2 Kxf7 36. Rf2+ Ke7 37. Rf6 Rh1+ 38. Kf2 Rh2+ 39. Ke3 Rxc2 40. bxc4 bxc4 41. Rh6 cxd3 42. Kxd3 Rxb2 43. Rh7+ Kd8 44. Ra7 Bb5+ 45. Kd4 Rd2+ 46. Ke4 Rd5 47. Kf4 Kc8 48. Re7 Bd7 49. Rh7 a5 50. Rh3 a4 51. Re3 Kc7 52. Kg5 Kb6 53. Kf6 Ka5 54. Ke7 Kb4 55. Re4+ Kc5 56. Re3 Kd4 57. Re1 Kc3 58. Rc1+ Kb2 59. Rc7 a3 60. Rb7+ Kc1 61. Ra7 Kb2 62. Rb7+ Bb5 63. Kxe6 Rc5 64. Kd6 Rc6+ 65. Kd5 Rc3 66. Rxb5+ Rb3 67. Ra5 a2 68. Rxa2+ Kxa2 69. e6 Rd3+ 70. Kc6 Kb3 71. e7 Re3 72. Kd7 Rxe7+ 73. Kxe7 1/2-1/2


[Site "https://www.chess.com"]

[Event "Titled Tuesday Blitz May 4 2021"]
[White "Kostiukov, Alexandr"]
[Black "Camlar, Arda"]
[WhiteFideId "14108100"]
[BlackFideId "44576692"]
[WhiteElo "2240"]
[BlackElo "2007"]
[Result "0-1"]
[Round "06"]
[TimeControl "180+1"]
[Date "2021.05.04"]
[WhiteClock "0:00:12"]
[BlackClock "0:00:11"]

1. g3 Nf6 2. Bg2 c5 3. c4 Nc6 4. Nf3 g6 5. O-O Bg7 6. d4 cxd4 7. Nxd4 O-O 8. c5 Nd5 9. Nb3 Nc7 10. Nc3 Ne6 11. e4 b6 12. Be3 Ba6 13. Re1 bxc5 14. Nxc5 Nxc5 15. Bxc5 Rb8 16. Ba3 Qa5 17. Qxd7 Ne5 18. Qa4 Qxa4 19. Nxa4 Nd3 20. Re2 Rfc8 21. Rd2 Bh6 22. f4 Nb4 23. Rd7 Bb5 24. Rxa7 Nc6 25. Rd7 Bxa4 26. e5 e6 27. Rc1 Bb5 28. Rd6 Na5 29. Rxc8+ Rxc8 30. h4 Nc4 31. Rd3 Nxa3 32. Rxa3 Bf8 33. Ra8 Rc2 34. a4 Bc4 35. b4 Kg7 36. b5 Bc5+ 37. Kh1 Rxg2 38. Kxg2 Bd5+ 39. Kh3 Bxa8 40. a5 Bb4 41. a6 Bc5 42. Kh2 Bb6 43. g4 Bd5 44. Kg3 Bc4 45. f5 Bxb5 46. f6+ Kf8 47. h5 Bxa6 48. hxg6 hxg6 49. Kf4 Ke8 50. Kg5 Bd4 51. Kh6 Bxe5 52. Kg7 Bf4 53. Kh7 e5 54. Kg7 e4 55. g5 e3 56. Kh6 e2 57. Kg7 e1=Q 58. Kh6 Bxg5+ 59. Kg7 Bxf6+ 60. Kxf6 g5 61. Kxg5 Qe5+ 62. Kh6 Qg3 63. Kh7 Kf8 64. Kh8 Qg8# 0-1


[Site "https://www.chess.com"]

[Event "Titled Tuesday Blitz May 4 2021"]
[White "Kovalev, Vladislav"]
[Black "Shapiro, David"]
[WhiteFideId "13504398"]
[BlackFideId "24133523"]
[WhiteElo "2573"]
[BlackElo "2261"]
[Result "1-0"]
[Round "06"]
[TimeControl "180+1"]
[Date "2021.05.04"]
[WhiteClock "0:02:29"]
[BlackClock "0:01:53"]

1. e4 c6 2. Nf3 d5 3. Nc3 Bg4 4. h3 Bh5 5. exd5 cxd5 6. g4 Bg6 7. d4 Nc6 8. Ne5 e6 9. h4 f6 10. h5 Bxc2 11. Nxc6 Bxd1 12. Nxd8 Bf3 13. Rh3 Bxg4 14. Rh4 Bxh5 15. Nxe6 1-0


[Site "https://www.chess.com"]

[Event "Titled Tuesday Blitz May 4 2021"]
[White "Kraemer, Martin"]
[Black "Yang, Kaiqi"]
[WhiteFideId "4671910"]
[BlackFideId "8604398"]
[WhiteElo "2482"]
[BlackElo "2373"]
[Result "1-0"]
[Round "06"]
[TimeControl "180+1"]
[Date "2021.05.04"]
[WhiteClock "0:00:03"]
[BlackClock "0:00:02"]

1. d4 d5 2. c4 c6 3. Nc3 Nf6 4. e3 e6 5. Nf3 Nbd7 6. Qc2 Bd6 7. Bd3 O-O 8. O-O dxc4 9. Bxc4 b5 10. Bd3 Bb7 11. e4 e5 12. h3 Rc8 13. dxe5 Nxe5 14. Nxe5 Bxe5 15. Be3 Re8 16. f4 Bd4 17. Bxd4 Qxd4+ 18. Kh2 b4 19. Ne2 Qb6 20. e5 Nd5 21. Bxh7+ Kf8 22. Rf3 c5 23. Be4 c4 24. Rd1 b3 25. axb3 Nb4 26. Qb1 Ba6 27. Ng3 Rcd8 28. bxc4 Bxc4 29. b3 Ba6 30. Rxd8 Rxd8 31. Qe1 Bc8 32. Bf5 Bb7 33. Be4 Bc8 34. f5 Qd4 35. e6 a5 36. exf7 Kxf7 37. f6 gxf6 38. Bf5 Bxf5 39. Rxf5 Re8 40. Qf1 Nd3 41. Qf3 Re1 42. Nf1 Qd6+ 43. Qg3 Qxg3+ 44. Nxg3 Rb1 45. Rxa5 Rxb3 46. Ra7+ Kg6 47. Ra6 1-0


[Site "https://www.chess.com"]

[Event "Titled Tuesday Blitz May 4 2021"]
[White "Kretov, Evgenij"]
[Black "Rozhkov, Viacheslav"]
[WhiteFideId "4167821"]
[BlackFideId "4181484"]
[WhiteElo "2381"]
[BlackElo "2324"]
[Result "1-0"]
[Round "06"]
[TimeControl "180+1"]
[Date "2021.05.04"]
[WhiteClock "0:00:12"]
[BlackClock "0:00:01"]

1. d4 d5 2. c4 dxc4 3. Nf3 Nf6 4. e3 e6 5. Bxc4 a6 6. O-O c5 7. e4 cxd4 8. e5 Nd5 9. Qxd4 Nc6 10. Qg4 h5 11. Qe4 Be7 12. Nc3 Nxc3 13. bxc3 Qc7 14. Re1 b5 15. Bb3 Bb7 16. Bg5 Bxg5 17. Nxg5 O-O-O 18. Qf4 Rhf8 19. Nxf7 Qxf7 20. Qxf7 Rxf7 21. Bxe6+ Rdd7 22. Rad1 Kc7 23. Rxd7+ Rxd7 24. Bxd7 Kxd7 25. f4 Ne7 26. Rd1+ Nd5 27. f5 Ke7 28. Rd3 Nf4 29. Re3 Bc8 30. e6 Bb7 31. Kf2 Nd5 32. Rg3 Kf8 33. Rd3 Ke7 34. h3 Kf6 35. g4 h4 36. Rd4 Ke7 37. c4 bxc4 38. Rxc4 Kd6 39. Rd4 Bc6 40. Ke1 Ke5 41. Rd2 Kd6 42. Kd1 Ke7 43. Kc2 Nf4 44. g5 Nxh3 45. Rh2 Nxg5 46. Rxh4 Be4+ 47. Kc3 Bxf5 48. Rh5 Ne4+ 49. Kd4 Nd6 50. Kc5 Bxe6 51. Kb6 g6 52. Rh7+ Kf6 53. Kxa6 Bxa2 54. Kb6 Bc4 55. Kc5 Nf5 56. Kxc4 Kg5 57. Kd3 Kf6 58. Ke4 Kg5 59. Ke5 Nh6 60. Ra7 Ng4+ 61. Ke6 Kh4 62. Ra1 g5 63. Kf5 Ne3+ 64. Ke4 Ng4 65. Ra3 Nf6+ 66. Kf5 Nd5 67. Ra8 1-0


[Site "https://www.chess.com"]

[Event "Titled Tuesday Blitz May 4 2021"]
[White "Kriti Mayur Patel"]
[Black "Lizlov, Alexey"]
[WhiteFideId "35061780"]
[BlackFideId "4179803"]
[WhiteElo "1212"]
[BlackElo "2272"]
[Result "0-1"]
[Round "06"]
[TimeControl "180+1"]
[Date "2021.05.04"]
[WhiteClock "0:01:07"]
[BlackClock "0:00:15"]

1. e4 c5 2. d4 cxd4 3. c3 d3 4. Bxd3 g6 5. Nf3 Bg7 6. c4 Nc6 7. Nc3 Nf6 8. O-O O-O 9. h3 d6 10. Qe2 a6 11. Rd1 Nd7 12. Ng5 Nd4 13. Qe1 h6 14. Nf3 Nxf3+ 15. gxf3 Ne5 16. f4 Nf3+ 17. Kg2 Nxe1+ 18. Rxe1 Qd7 19. f5 Rb8 20. Bf4 b5 21. Nd5 bxc4 22. Bxc4 Rxb2 23. Rac1 g5 24. Bg3 Be5 25. Bxe5 dxe5 26. Rcd1 Qa7 27. Re2 Rxe2 28. Bxe2 e6 29. Nf6+ Kg7 30. Nh5+ Kh8 31. f6 Qc7 32. Bg4 Bb7 33. Ng7 Rd8 34. Rb1 Bxe4+ 35. Kg3 Bxb1 36. a4 e4+ 37. Kg2 Rd2 38. Ne8 Qf4 39. Ng7 Qxf2+ 40. Kh1 Qh2# 0-1


[Site "https://www.chess.com"]

[Event "Titled Tuesday Blitz May 4 2021"]
[White "Krivonosov, Oleg"]
[Black "Prraneeth Vuppala"]
[WhiteFideId "11600349"]
[BlackFideId "46622373"]
[WhiteElo "2469"]
[BlackElo "1759"]
[Result "1/2-1/2"]
[Round "06"]
[TimeControl "180+1"]
[Date "2021.05.04"]
[WhiteClock "0:00:21"]
[BlackClock "0:00:05"]

1. Nf3 d5 2. d4 Nf6 3. c4 e6 4. g3 Bb4+ 5. Bd2 Be7 6. Bg2 O-O 7. O-O Nbd7 8. Qc2 Ne4 9. Bf4 c6 10. Ne5 f5 11. Nc3 g5 12. Nxd7 Bxd7 13. Be5 Bf6 14. Nxe4 Bxe5 15. dxe5 fxe4 16. f4 gxf4 17. gxf4 Be8 18. cxd5 cxd5 19. Qb3 Qb6+ 20. Qxb6 axb6 21. e3 Bb5 22. Rfc1 Rfc8 23. Bf1 Bxf1 24. Kxf1 Rxc1+ 25. Rxc1 Rxa2 26. Rc7 Rxb2 27. Rxb7 Rxh2 28. Rxb6 Kf7 29. Rd6 h5 30. Rd7+ Kg6 31. Re7 h4 32. Rxe6+ Kf5 33. Ra6 h3 34. e6 Rb2 35. Kg1 Kg4 36. e7 Rb1+ 37. Kh2 Rb2+ 38. Kg1 Rb1+ 39. Kh2 Rb2+ 40. Kg1 1/2-1/2


[Site "https://www.chess.com"]

[Event "Titled Tuesday Blitz May 4 2021"]
[White "Krzywda, Andrzej"]
[Black "Samarth, J Rao"]
[WhiteFideId "1114565"]
[BlackFideId "46652370"]
[WhiteElo "2100"]
[BlackElo "1514"]
[Result "0-1"]
[Round "06"]
[TimeControl "180+1"]
[Date "2021.05.04"]
[WhiteClock "0:00:04"]
[BlackClock "0:01:03"]

1. e4 c5 2. Nc3 Nc6 3. Bb5 Nd4 4. Nf3 Nxb5 5. Nxb5 a6 6. Nc3 b5 7. d4 cxd4 8. Qxd4 d6 9. Bg5 Nf6 10. Bxf6 gxf6 11. O-O-O e6 12. Rhe1 Be7 13. Qe3 Qc7 14. Nd4 Bd7 15. Kb1 b4 16. Nce2 a5 17. Rc1 a4 18. c4 Qb7 19. f4 O-O 20. f5 Rfb8 21. Rf1 Qa7 22. Rf3 e5 23. Rg3+ Kh8 24. Qh6 Rg8 25. Nb5 Bxb5 26. cxb5 Qb7 27. Rxg8+ Rxg8 28. Ng3 Qxb5 29. Ka1 a3 30. Qd2 Qb6 31. Nh5 axb2+ 32. Qxb2 Ra8 33. Rb1 Qa5 34. g4 d5 35. exd5 Qxd5 36. g5 fxg5 37. f6 Bc5 38. Qc2 Bd4+ 39. Rb2 Qxa2# 0-1


[Site "https://www.chess.com"]

[Event "Titled Tuesday Blitz May 4 2021"]
[White "Kubicka, Anna"]
[Black "Begunov, Konstantin"]
[WhiteFideId "1152254"]
[BlackFideId "4118510"]
[WhiteElo "2010"]
[BlackElo "2262"]
[Result "0-1"]
[Round "06"]
[TimeControl "180+1"]
[Date "2021.05.04"]
[WhiteClock "0:00:04"]
[BlackClock "0:00:07"]

1. e4 c5 2. Ne2 d6 3. g3 Nc6 4. Bg2 g6 5. c3 Bg7 6. d4 cxd4 7. cxd4 e6 8. O-O Nge7 9. Nbc3 O-O 10. Be3 b6 11. Rc1 Ba6 12. Qa4 Na5 13. b3 Rc8 14. Rfd1 d5 15. exd5 Nxd5 16. Nxd5 exd5 17. Rxc8 Bxc8 18. Nf4 Bd7 19. Qa3 Bc6 20. Rc1 Qd7 21. Bh3 Qb7 22. Qd6 Re8 23. Bg2 Bf8 24. Qf6 Be7 25. Qe5 Ba3 26. Qg5 Bxc1 27. Bxc1 Re1+ 28. Bf1 Rxc1 29. Nh5 Re1 30. Nf6+ Kg7 31. Nh5+ Kf8 32. Qh6+ Ke7 33. Qg5+ Kd7 34. Nf6+ Kc7 35. Qf4+ Kc8 36. Qd2 Qe7 37. Ng4 Bb5 38. Qc3+ Kb7 39. Ne3 Bxf1 40. Nxf1 Qe2 0-1


[Site "https://www.chess.com"]

[Event "Titled Tuesday Blitz May 4 2021"]
[White "Lamaze, Simon"]
[Black "Kanyamarala, Trisha"]
[WhiteFideId "36069264"]
[BlackFideId "45004722"]
[WhiteElo "1938"]
[BlackElo "2074"]
[Result "1-0"]
[Round "06"]
[TimeControl "180+1"]
[Date "2021.05.04"]
[WhiteClock "0:00:14"]
[BlackClock "0:00:03"]

1. d4 Nf6 2. c4 e6 3. g3 d5 4. Nf3 dxc4 5. Bg2 a6 6. O-O Nc6 7. e3 Rb8 8. Nfd2 Bd7 9. Nxc4 Be7 10. Nc3 O-O 11. e4 b5 12. Ne3 b4 13. Ne2 e5 14. d5 Na7 15. b3 Bb5 16. Bb2 Bd6 17. Nf5 a5 18. Rc1 Rc8 19. Bh3 Rb8 20. f3 Bd7 21. Kg2 g6 22. Nxd6 Bxh3+ 23. Kxh3 cxd6 24. Kg2 Qd7 25. Qd3 Rfc8 26. h4 Qb5 27. Qxb5 Nxb5 28. Rc4 Nd7 29. Rfc1 Nb6 30. Rc6 Na7 31. Rxd6 Rd8 32. Rxd8+ Rxd8 33. Bxe5 Nb5 34. Bd4 Nd7 35. Be3 Nf8 36. Kf2 Re8 37. Rc5 Rb8 38. Nd4 Nd7 39. Rxb5 1-0


[Site "https://www.chess.com"]

[Event "Titled Tuesday Blitz May 4 2021"]
[White "Langner, Ladislav"]
[Black "Sawlin, Leonid"]
[WhiteFideId "300403"]
[BlackFideId "4689542"]
[WhiteElo "2346"]
[BlackElo "2412"]
[Result "1-0"]
[Round "06"]
[TimeControl "180+1"]
[Date "2021.05.04"]
[WhiteClock "0:01:38"]
[BlackClock "0:02:16"]

1. e4 d6 2. d4 Nf6 3. Nc3 Nbd7 4. Nf3 e5 5. Bc4 Be7 6. O-O c6 7. a4 Qc7 8. Re1 b6 9. h3 a6 10. b3 Bb7 11. Bb2 b5 12. axb5 axb5 13. Rxa8+ Bxa8 14. Bf1 b4 15. Na4 exd4 16. Nxd4 O-O 17. Nf5 Re8 18. Nxe7+ Rxe7 19. f3 c5 20. Bc1 Bc6 21. Nb2 h6 22. Nc4 d5 23. exd5 Rxe1 24. Qxe1 Bxd5 25. Bd3 Be6 26. Bb2 Nd5 27. Qe4 N7f6 28. Qe5 Qa7 29. Kh2 Nd7 30. Qxg7# 1-0


[Site "https://www.chess.com"]

[Event "Titled Tuesday Blitz May 4 2021"]
[White "Lejean-Anusca, Madalina-Maria"]
[Black "Mayaud, Raphael"]
[WhiteFideId "1215396"]
[BlackFideId "627151"]
[WhiteElo "2002"]
[BlackElo "2191"]
[Result "0-1"]
[Round "06"]
[TimeControl "180+1"]
[Date "2021.05.04"]
[WhiteClock "0:02:28"]
[BlackClock "0:02:08"]

1. d4 Nf6 2. e3 d5 3. Bd3 c5 4. c3 Nc6 5. f4 Bg4 6. Nf3 e6 7. Nbd2 Be7 8. O-O O-O 9. Qe1 Bf5 10. Bxf5 exf5 11. Ne5 cxd4 12. exd4 Ne4 13. Nxe4 fxe4 14. Be3 f6 15. Nxc6 bxc6 16. f5 Bd6 17. Qh4 Qb8 18. Bf4 Bxf4 19. Qxf4 Qxb2 20. Rf2 Qxa1+ 0-1


[Site "https://www.chess.com"]

[Event "Titled Tuesday Blitz May 4 2021"]
[White "Lewtak, Damian"]
[Black "Novikova, Galina"]
[WhiteFideId "1141724"]
[BlackFideId "4157095"]
[WhiteElo "2291"]
[BlackElo "1966"]
[Result "1-0"]
[Round "06"]
[TimeControl "180+1"]
[Date "2021.05.04"]
[WhiteClock "0:00:04"]
[BlackClock "0:00:01"]

1. d4 Nf6 2. Bf4 g6 3. Nc3 Bg7 4. e4 d6 5. Qd2 h5 6. O-O-O c6 7. f3 b5 8. Kb1 a5 9. Nce2 a4 10. h4 Na6 11. Nh3 b4 12. Ng5 b3 13. cxb3 axb3 14. a3 c5 15. Nc3 cxd4 16. Qxd4 O-O 17. Bc4 Nc5 18. Nxf7 Rxf7 19. Bxf7+ Kxf7 20. Qxc5 Be6 21. Qe3 Qa5 22. Rd4 Qc7 23. Re1 Nd7 24. Rd2 Ne5 25. Bxe5 Bxe5 26. Rc1 Qa5 27. f4 Bg7 28. Nd5 Qa4 29. Nb6 Qa7 30. Re1 Rb8 31. Nd5 Qb7 32. Rc1 Ra8 33. Rc7 Qb5 34. f5 gxf5 35. Rc1 fxe4 36. Rf1+ Bf6 37. Qf4 Bxd5 38. Qf5 Be6 39. Qxb5 e3 40. Rxf6+ exf6 41. Re2 1-0


[Site "https://www.chess.com"]